[Event "*** Titled Tuesday Blitz"]
[Site "Chess.com"]
[Date "2019.11.05"]
[Round "5"]
[White "GasconJR"]
[Black "Taron_Shagbazyan"]
[Result "0-1"]
[WhiteElo "2466"]
[BlackElo "2705"]
[TimeControl "180+2"]
[EndTime "14:06:59 PST"]
[Termination "Taron_Shagbazyan won by resignation"]

1. e4 e5 2. Nf3 Nc6 3. Bc4 Bc5 4.
O-O Nf6 5. d3 d6 6. c3 a5 7. Nbd2 O-O 8. h3 Be6 9. Bb5 Qb8 10.
Bxc6 bxc6 11. d4 exd4 12. cxd4 Bb6 13. Re1 a4 14. Nf1 h6 15. Ng3 Re8 16. Bf4 Ba5 17. Re2 Bc4 18. Rc2 Qb5 19. e5 Nd5 20. Bd2 Bxd2 21.
Qxd2 Nb4 22. Rcc1 Nxa2 23. Re1 Nb4 24. Nf5 Re6 25. Qf4 Bd3 26. N3h4 Nd5 27. Qg4 Bxf5 28. Nxf5 Rg6 29. Qf3 Qxb2 30. Rab1 Qd2 31. exd6 cxd6 32.
Ne7+ Nxe7 33. Rxe7 Rf6 34. Qg3 a3 35. Re3 a2 36. Ra1 Qxd4 37. Ree1 Qb2 38. Qe3 Re6 0-1

[Event "*** Titled Tuesday Blitz"]
[Site "Chess.com"]
[Date "2019.11.05"]
[Round "5"]
[White "yjjga"]
[Black "StoreySniper"]
[Result "0-1"]
[WhiteElo "2052"]
[BlackElo "2285"]
[TimeControl "180+2"]
[EndTime "14:07:04 PST"]
[Termination "StoreySniper won on time"]

1. d4 d5 2. c4 e6 3. Nf3 Nf6 4. Nc3 c6 5. cxd5 exd5 6. Bg5 Bd6 7.
Qc2 O-O 8. e3 Bg4 9. Ne5 Bh5 10.
Bd3 h6 11. Bh4 Nbd7 12. Nxd7 Qxd7 13. Bxf6 gxf6 14. h3 Kg7 15. f4 f5 16. Bxf5 Qe7 17. Kf2 Bg6 18. Rhe1 Rae8 19. Bxg6 fxg6 20. Kg1 Bc7 21.
a3 g5 22. Qf2 gxf4 23. exf4 Qf6 24. g3 Bb6 25. Rxe8 Rxe8 26. Rd1 Re6 27. Na4 Re4 28. Nxb6 axb6 29. Rd2 h5 30. Kg2 b5 31.
Qf3 Qf5 32. Qc3 Re1 33. Rf2 Qe4+ 34. Qf3 Qb1 35. Qxh5 Rg1+ 36. Kf3 Qd1+ 37. Re2 Qd3+ 38. Re3 Rxg3+ 0-1

[Event "*** Titled Tuesday Blitz"]
[Site "Chess.com"]
[Date "2019.11.05"]
[Round "5"]
[White "csati17"]
[Black "AyelenChess"]
[Result "0-1"]
[WhiteElo "2511"]
[BlackElo "2059"]
[TimeControl "180+2"]
[EndTime "14:07:05 PST"]
[Termination "AyelenChess won by checkmate"]

1. c4 g6 2. g3 Bg7 3. Bg2 e5 4. Nc3 d6 5. d3 f5 6. e4 Nf6 7.
Nge2 O-O 8. O-O Nc6 9. Nd5 Ne7 10.
Nxe7+ Qxe7 11. exf5 gxf5 12. d4 e4 13. Bg5 h6 14. Bh4 Qf7 15. Nf4 Qxc4 16. d5 Ng4 17. Rc1 Qd4 18. Rxc7 Rf7 19. Qc2 Bd7 20. Rd1 Qxb2 21. Qxb2 Bxb2 22. Rxb7 Ba4 23. Rxf7 Bxd1 24. Rd7 Bd4 25. Nh3 Bc5 26. Bf1 Rb8 27. Rd8+ Rxd8 28. Bxd8 e3 29. fxe3 Nxe3 30. Kf2 Nxd5+ 31. Ke1 Bg4 32.
Nf2 Bb4# 0-1

[Event "*** Titled Tuesday Blitz"]
[Site "Chess.com"]
[Date "2019.11.05"]
[Round "5"]
[White "vugarrasulov"]
[Black "pedro_gines"]
[Result "1-0"]
[WhiteElo "2770"]
[BlackElo "2532"]
[TimeControl "180+2"]
[EndTime "14:07:07 PST"]
[Termination "vugarrasulov won by resignation"]

1. e4 c6 2. d4 d5 3. e5 Bf5 4.
Nf3 e6 5. Be2 c5 6. O-O Nc6 7. Be3 cxd4 8. Nxd4 Nge7 9. c4 Nxd4 10. Bxd4 dxc4 11. Qa4+ Nc6 12. Rd1 Qc8 13. Bc3 Be7 14.
Nd2 O-O 15. Nxc4 Rd8 16. Nd6 Bxd6 17. exd6 a6 18. Rac1 b5 19. Qh4 Qd7 20. Qg5 e5 21. Bf3 f6 22. Bxc6 fxg5 23. Bxd7 Rxd7 24. Bxe5 Re8 25. Rc5 h6 26. h3 Be6 27. a3 Bb3 28.
Rd3 Bc4 29. Rc3 Kf7 30. a4 Rb8 31. Rc7 Be6 32. a5 Rd8 33. R3c6 Ra8 34. Rb6 Ra7 35.
f3 h5 36. Kf2 g4 37. fxg4 hxg4 38. h4 Raxc7 39. dxc7 Rd2+ 40. Ke3 Rc2 41. Rxa6 b4 42. Rb6 b3 43. a6 Rc5 44. Bd6 Ra5 45. Bb4 1-0

[Event "*** Titled Tuesday Blitz"]
[Site "Chess.com"]
[Date "2019.11.05"]
[Round "5"]
[White "Squirlolz"]
[Black "Alexander_Donchenko"]
[Result "0-1"]
[WhiteElo "2530"]
[BlackElo "2768"]
[TimeControl "180+2"]
[EndTime "14:07:07 PST"]
[Termination "Alexander_Donchenko won by resignation"]

1. e4 c6 2. Nc3 d5 3. Nf3 Bg4 4. h3 Bxf3 5. Qxf3 Nf6 6. Be2 Nbd7 7. d4 dxe4 8. Nxe4 Nxe4 9. Qxe4 Nf6 10. Qd3 e6 11.
O-O Bd6 12. Re1 Qc7 13. Bf3 O-O 14. Bg5 Nd5 15. c3 Bf4 16. Bxf4 Nxf4 17. Qe3 Rfd8 18.
g3 Nd5 19. Qe4 Nf6 20. Qe3 a5 21. Kg2 Rac8 22. h4 h6 23. Rad1 a4 24. Rb1 Ra8 25. Qe5 Qb6 26. g4 Ra5 27. Qe3 Qc7 28. b4 axb3 29. axb3 Nd5 30. Bxd5 Raxd5 31. Qg3 Qe7 32.
h5 c5 33. dxc5 Qxc5 34. Re3 Rd2 35. Rbe1 Qd5+ 36. Qf3 Qxb3 37. Qe4 R8d7 38. c4 Qb2 39. R1e2 R7d4 40. Rxd2 Qxd2 41. Qxb7 Rxg4+ 42. Kf3 Qd1+ 43. Re2 Qh1+ 44. Kxg4 Qxb7 0-1

[Event "*** Titled Tuesday Blitz"]
[Site "Chess.com"]
[Date "2019.11.05"]
[Round "5"]
[White "ChadBiryani"]
[Black "Svet99"]
[Result "0-1"]
[WhiteElo "2198"]
[BlackElo "2153"]
[TimeControl "180+2"]
[EndTime "14:07:08 PST"]
[Termination "Svet99 won by resignation"]

1. d4 Nf6 2. Bg5 e6 3. e4 Be7 4. Nc3 h6 5. Bh4 O-O 6. Bd3 d5 7. e5 Ne8 8. Bxe7 Qxe7 9. f4 c5 10. Nf3 Nc6 11. O-O cxd4 12. Ne2 Qc5 13. g4 f6 14. Ng3 fxe5 15. fxe5 Bd7 16. Qe2 Nc7 17.
Nh4 Rxf1+ 18. Rxf1 Rf8 19. Ng6 Rxf1+ 20. Qxf1 Be8 21. Nf8 Qe7 22. Bh7+ Kh8 23. Nh5 Nxe5 24. Qf4 Nxg4 25. Bg6 Nf6 26. Bxe8 Qxe8 27. Nxf6 Qxf8 28.
Qxc7 Qxf6 29. Qxb7 a5 30. Qa8+ Kh7 31. Qxa5 Qg5+ 32.
Kf2 Qe3+ 33. Kg2 Qe2+ 34. Kg3 Qxc2 35. b4 d3 36. Qd8 d2 0-1

[Event "*** Titled Tuesday Blitz"]
[Site "Chess.com"]
[Date "2019.11.05"]
[Round "5"]
[White "mjray79"]
[Black "vova-79"]
[Result "1-0"]
[WhiteElo "2220"]
[BlackElo "2390"]
[TimeControl "180+2"]
[EndTime "14:07:11 PST"]
[Termination "mjray79 won by resignation"]

1. d4 d5 2. c4 c6 3. Nf3 Nf6 4. Nc3 e6 5. e3 Nbd7 6. Qc2 Bd6 7. Bd3 O-O 8. O-O dxc4 9. Bxc4 b5 10. Bd3 a6 11. Ne4 Qc7 12. Nxf6+ Nxf6 13. e4 e5 14. Bg5 Bb7 15. Bxf6 gxf6 16. h3 exd4 17. Nxd4 c5 18. Nf5 c4 19. Qe2 Kh8 20. Bc2 Be5 21. f4 Bxb2 22. Rab1 Ba3 23. Kh1 Rg8 24. Rbd1 Bc5 25.
Qh5 Rae8 26. Qh4 Rg6 27. Ng3 Bf8 28. Nh5 Bxe4 29. Bxe4 Rxe4 30. Nxf6 Rxf6 31. Qxf6+ Kg8 32. Qg5+ Kh8 33. Rd8 1-0

[Event "*** Titled Tuesday Blitz"]
[Site "Chess.com"]
[Date "2019.11.05"]
[Round "5"]
[White "Chempiblinka"]
[Black "FearNoEvil12"]
[Result "0-1"]
[WhiteElo "2289"]
[BlackElo "1976"]
[TimeControl "180+2"]
[EndTime "14:07:15 PST"]
[Termination "FearNoEvil12 won by resignation"]

1. Nf3 b5 2. g3 a6 3. Bg2 Bb7 4. O-O Nf6 5. a4 e6 6. d3 b4 7. c4 d6 8. b3 Nbd7 9. Bb2 h5 10. Nbd2 a5 11. h4 Ng4 12. d4 Be7 13. e4 g5 14.
hxg5 Bxg5 15. d5 e5 16. Nxg5 Qxg5 17. Nf3 Qg7 18. Nh4 Nf8 19. Rc1 Bc8 20. c5 Ng6 21.
Nf5 Bxf5 22. exf5 Ne7 23. cxd6 cxd6 24. Qc2 Rd8 25. Rfe1 h4 26. Qe2 hxg3 27. fxg3 Nxf5 28. Rc4 Nge3 29. Re4 Qxg3 30. Rxe3 Nxe3 31. Qxe3 Qh2+ 32.
Kf2 Rh4 33. Bxe5 dxe5 34. Qxe5+ Qxe5 35. Rxe5+ Kf8 36. Bf3 Rd4 37. Ke3 Rh4 38. Rg5 Ke7 39. Kd3 Rc8 40. Rf5 Rc3+ 41. Ke2 Rh2+ 42. Kd1 Rxb3 43.
d6+ Kxd6 44. Rd5+ Ke7 45. Re5+ Kf6 46. Re2 Rxe2 47. Bxe2 Ra3 48. Bb5 Ke5 0-1

[Event "*** Titled Tuesday Blitz"]
[Site "Chess.com"]
[Date "2019.11.05"]
[Round "5"]
[White "Mesutgm"]
[Black "GianmarcoVaR"]
[Result "0-1"]
[WhiteElo "2590"]
[BlackElo "2531"]
[TimeControl "180+2"]
[EndTime "14:07:16 PST"]
[Termination "GianmarcoVaR won by resignation"]

1. e4 c5 2. Nf3 d6 3. Bb5+ Nd7 4.
a4 Nf6 5. Nc3 a6 6. Be2 b6 7. d4 cxd4 8. Qxd4 Bb7 9. O-O e5 10.
Qe3 h6 11. Rd1 Qc7 12. Nd2 Nc5 13. b4 Ne6 14. Nc4 Nd4 15. Rxd4 exd4 16. Qxd4 Rb8 17. Bf4 Rd8 18. Nxb6 Be7 19. Nbd5 Bxd5 20. Nxd5 Nxd5 21. exd5 O-O 22. Qc4 Qb7 23. Rd1 Rc8 24. Qb3 Rfe8 25. Bf1 Qc7 26. c4 Rb8 27. Qa3 Bg5 28. Bg3 Bf6 29. c5 Be5 30. Bxe5 Rxe5 31. Qc3 a5 32. bxa5 Qxc5 33. Qxc5 dxc5 34. Bb5 Re4 35. Bc6 Rd4 36. Ra1 c4 37. a6 c3 38. a7 Rc8 39. a8=Q Rxa8 40.
Bxa8 c2 0-1

[Event "*** Titled Tuesday Blitz"]
[Site "Chess.com"]
[Date "2019.11.05"]
[Round "5"]
[White "r31415"]
[Black "FearlessKing64"]
[Result "0-1"]
[WhiteElo "2423"]
[BlackElo "2328"]
[TimeControl "180+2"]
[EndTime "14:07:16 PST"]
[Termination "FearlessKing64 won by resignation"]

1. e4 c5 2. Nf3 d6 3. d4 cxd4 4. Nxd4 Nf6 5. Nc3 a6 6. h3 e5 7.
Nde2 h5 8. g3 Be6 9. Bg2 Be7 10.
Be3 Nbd7 11. O-O Rc8 12. Qd2 Qc7 13. b3 b5 14. f4 b4 15. Na4 Nc5 16. Nxc5 dxc5 17.
a3 c4 18. axb4 c3 19. Qd3 Bxb4 20. Rxa6 O-O 21. Ra7 Qb8 22. fxe5 Qxe5 23. Bd4 Bc5 24. Bxc5 Qxc5+ 25. Qd4 Rfd8 26. Qxc5 Rxc5 27. Nf4 Rd2 28. Rf2 Re5 29. Nd3 Rxe4 30. Bxe4 Nxe4 31. Ra8+ Kh7 32.
Rg2 Bd5 33. Nf4 Bxa8 34. Rh2 0-1

[Event "*** Titled Tuesday Blitz"]
[Site "Chess.com"]
[Date "2019.11.05"]
[Round "5"]
[White "albi1999"]
[Black "Kazan28"]
[Result "1/2-1/2"]
[WhiteElo "2575"]
[BlackElo "2366"]
[TimeControl "180+2"]
[EndTime "14:07:17 PST"]
[Termination "Game drawn - insufficient material"]

1. d4 Nf6 2. c4 e6 3. Nf3 d5 4. g3 dxc4 5. Bg2 a6 6. O-O Nc6 7. e3 Rb8 8. Nfd2 e5 9. Bxc6+ bxc6 10. dxe5 Ng4 11. Nxc4 Be6 12. Nbd2 Bb4 13. b3 h5 14. Qe2 h4 15. Nf3 hxg3 16. fxg3 Qd5 17. h4 Qe4 18. Ng5 Qg6 19. Bb2 Be7 20. Nxe6 Qxe6 21.
Rf4 Nh6 22. Raf1 g5 23. hxg5 Bxg5 24. Rf6 Qh3 25. Qg2 Qxg2+ 26. Kxg2 Bxf6 27. Rxf6 Kd7 28. e6+ fxe6 29. Ne5+ Kc8 30. Nxc6 Ng4 31. Rxe6 Rh2+ 32. Kf3 Rxb2 33. Kxg4 Kd7 34. Nxb8+ Kxe6 35. Nxa6 Kd6 36. Nb4 c5 37. Nd3 Rxa2 38. Kf5 Ra3 39. g4 Rxb3 40. Nf4 Rxe3 41. g5 Re8 42. g6 Rf8+ 43. Kg5 c4 44. g7 Rd8 45. Kf6 c3 46. Ne2 c2 47.
Kf7 Rd7+ 48. Kf8 Ke5 49. g8=Q Rd8+ 50. Kg7 Rxg8+ 51. Kxg8 Ke4 52. Kf7 Ke3 53. Nc1 Kd2 54. Na2 Kd3 55. Nb4+ Kc4 56. Nxc2 1/2-1/2

[Event "*** Titled Tuesday Blitz"]
[Site "Chess.com"]
[Date "2019.11.05"]
[Round "5"]
[White "Kostya_Nikologorskiy"]
[Black "jlucasvf"]
[Result "1-0"]
[WhiteElo "2560"]
[BlackElo "2786"]
[TimeControl "180+2"]
[EndTime "14:07:21 PST"]
[Termination "Kostya_Nikologorskiy won by resignation"]

1. d4 Nh6 2. e4 e6 3. Nf3 d5 4.
Bxh6 gxh6 5. Nc3 Bg7 6. Bb5+ c6 7. Bd3 Nd7 8. O-O O-O 9. exd5 cxd5 10. Qd2 Kh8 11. Rae1 Rg8 12. Ne2 Nf8 13. Ng3 Ng6 14.
Nh5 Bf8 15. g3 Nh4 16. Qf4 Nxf3+ 17. Qxf3 f5 18. Nf4 Qf6 19. c3 Bd7 20. Re2 Bd6 21.
Rfe1 Rae8 22. Kh1 Re7 23. b4 Rg4 24. h3 Rg8 25. Nh5 Qg5 26. h4 Qg6 27. Bxf5 Qf7 28. Bg4 Rxg4 29. Qxg4 e5 30. Qg7+ Qxg7 31. Nxg7 Bg4 32.
dxe5 Bxe2 33. Rxe2 Kxg7 34. f4 h5 35. Rd2 Bc7 36.
Rxd5 Kg6 37. Kg2 Kf5 38. Kf3 Ke6 39. c4 Bb6 40. Ke4 Bc7 41. f5+ Kf7 42. f6 1-0

[Event "*** Titled Tuesday Blitz"]
[Site "Chess.com"]
[Date "2019.11.05"]
[Round "5"]
[White "raswi"]
[Black "Knight8700"]
[Result "0-1"]
[WhiteElo "2217"]
[BlackElo "2421"]
[TimeControl "180+2"]
[EndTime "14:07:21 PST"]
[Termination "Knight8700 won by checkmate"]

1. e4 c5 2. Nf3 Nc6 3. d4 cxd4 4. Nxd4 g6 5. c4 Bg7 6. Be3 d6 7. Nc3 Nf6 8. Be2 O-O 9. O-O Bd7 10. Rc1 Nxd4 11. Bxd4 Bc6 12. f3 a5 13. b3 Nd7 14.
Be3 Nc5 15. Qd2 e6 16. Kh1 Be5 17. Bg5 Qb6 18. Rb1 Qb4 19. Rfc1 a4 20. bxa4 Qa5 21. Qc2 Nxa4 22. Nxa4 Bxa4 23. Qd2 Bc6 24. Qe3 Qxa2 25. f4 Ra3 26. Qf2 Bb2 27. Re1 Bxe4 28. Rbd1 Bc3 29. Rf1 Bb4 30. Be7 Bc5 31. Qe1 Re8 32. Rd2 Qb3 33. Qh4 Qe3 34. Bf6 d5 35. Qh6 Bf8 36. Qh4 Qxd2 37. Bf3 Bxf3 38. gxf3 Ra2 39.
Rg1 dxc4 40. f5 exf5 41. Qg5 Qxh2# 0-1

[Event "*** Titled Tuesday Blitz"]
[Site "Chess.com"]
[Date "2019.11.05"]
[Round "5"]
[White "przemekpiotrowski"]
[Black "HrvojeZagreb"]
[Result "1-0"]
[WhiteElo "2396"]
[BlackElo "2168"]
[TimeControl "180+2"]
[EndTime "14:07:22 PST"]
[Termination "przemekpiotrowski won by resignation"]

1. d4 e6 2. Nf3 f5 3. g3 Nf6 4. Bg2 d6 5. O-O Be7 6. c4 O-O 7. Nc3 Ne4 8. Bd2 Nxc3 9. Bxc3 Bf6 10. Qc2 Nc6 11. Rad1 Qe8 12. d5 Ne5 13. Nxe5 dxe5 14. e4 Qh5 15. exf5 exf5 16. f4 e4 17. Be5 Qf7 18. Rf2 Re8 19. Qc3 b6 20. Rfd2 Bb7 21.
Bxf6 Qxf6 22. Qxf6 gxf6 23. d6 cxd6 24. Rxd6 Kf7 25.
Bh3 Bc8 26. Rc6 e3 27. Rc7+ Kg6 28. Re1 Ba6 29. b3 b5 30. cxb5 Bxb5 31. Bxf5+ Kxf5 32. Rc5+ Kg4 33. Kg2 Bf1+ 34. Rxf1 f5 35. h3+ Kh5 36. Rxf5+ Kg6 37. Rg5+ Kf6 38. Re1 Rad8 39. Kf3 Rd3 40. Re2 Rd2 41. Re5 Rxe2 1-0

[Event "*** Titled Tuesday Blitz"]
[Site "Chess.com"]
[Date "2019.11.05"]
[Round "5"]
[White "colegiodemadrid"]
[Black "LastHeroJr"]
[Result "1-0"]
[WhiteElo "2422"]
[BlackElo "2585"]
[TimeControl "180+2"]
[EndTime "14:07:26 PST"]
[Termination "colegiodemadrid won by resignation"]

1. Nf3 Nf6 2. c4 g6 3. b3 Bg7 4. Bb2 O-O 5. g3 d6 6. d4 e5 7. dxe5 Nfd7 8. Bg2 dxe5 9. O-O e4 10. Bxg7 exf3 11.
Bxf8 fxg2 12. Kxg2 Qf6 13. Qd2 Nxf8 14. Nc3 Bd7 15.
Nd5 Bc6 16. e4 Bxd5 17. cxd5 c6 18. Qb4 cxd5 19. Qxb7 Qc6 20. Qxc6 Nxc6 21. exd5 Ne7 22. Rfd1 Rd8 23. d6 Nf5 24. g4 Nxd6 25. Rac1 Ne6 26.
Rc6 Nb7 27. Rxd8+ Nexd8 28. Ra6 Kf8 29. Rxa7 Ke7 30. a4 Kd6 31. a5 Kc6 32. a6 Nd6 33.
Ra8 Ne6 34. Rb8 Nb5 35. Kg3 Nec7 36. Rf8 Nd6 37. a7 Kb7 38. Rd8 Ndb5 39. Rd7 Kxa7 40. Rxf7 Kb6 41. Rxh7 Kc6 42. Rg7 Kd5 43. Rxg6 Nd6 44. f3 Ne6 45. h4 Nf7 46. h5 Ne5 47.
Rg8 Kd6 48. h6 1-0

[Event "*** Titled Tuesday Blitz"]
[Site "Chess.com"]
[Date "2019.11.05"]
[Round "5"]
[White "Witik"]
[Black "SaraciNderim"]
[Result "0-1"]
[WhiteElo "2582"]
[BlackElo "2816"]
[TimeControl "180+2"]
[EndTime "14:07:27 PST"]
[Termination "SaraciNderim won by resignation"]

1. d4 Nf6 2. c4 e6 3. Nf3 d5 4. Nc3 Bb4 5. cxd5 exd5 6. Bg5 O-O 7. e3 h6 8. Bh4 c5 9. Be2 Nc6 10. O-O cxd4 11. Nxd4 Bxc3 12. bxc3 Re8 13. c4 Nxd4 14. Qxd4 dxc4 15. Bxf6 Qxf6 16. Qxf6 gxf6 17. Bxc4 Be6 18. Be2 Rac8 19. a4 Red8 20. a5 Rc2 21. Bf3 Rb2 22. Rfb1 Rdd2 23. Bxb7 Rxf2 24. Rxb2 Rxb2 25. a6 Kg7 26.
Rd1 Ra2 27. Rd4 f5 28. h4 Kf6 29. Rd8 Bc4 30. Rd6+ Kg7 31. Kh2 Be2 32. Kg3 Ra4 33. Kf2 Bb5 34. Kg3 Rg4+ 35. Kf2 Rxh4 36. Rd5 Rb4 37. Rxf5 Bd3 38. Ra5 Kf6 39. e4 Bxe4 40.
Bxe4 Rxe4 41. Rc5 Re6 42. Ra5 Re5 43. Ra3 Rb5 44. Kf3 Kg5 45. Ra4 f5 46. Kg3 Rb3+ 47.
Kh2 h5 48. Ra2 Kg4 49. Ra4+ f4 50. Ra2 h4 51. Ra4 Rb2 52. Kg1 Rb3 53. Kh2 h3 54.
gxh3+ Rxh3+ 55. Kg2 Rb3 56. Ra2 Rh3 57. Ra4 Rh6 58. Kf2 Rh2+ 59. Kg1 Rb2 60. Kf1 Kg3 61. Ra5 Rb1+ 62. Ke2 f3+ 63. Kd2 f2 0-1

[Event "*** Titled Tuesday Blitz"]
[Site "Chess.com"]
[Date "2019.11.05"]
[Round "5"]
[White "esskeettit"]
[Black "Astaneh"]
[Result "1-0"]
[WhiteElo "2442"]
[BlackElo "2598"]
[TimeControl "180+2"]
[EndTime "14:07:27 PST"]
[Termination "esskeettit won by resignation"]

1. e4 c6 2. c4 d5 3. cxd5 cxd5 4. exd5 Nf6 5. Bb5+ Nbd7 6. Nf3 Nxd5 7. Nc3 Nc7 8.
Bc4 Nb6 9. Bb3 Be6 10. Ng5 Bxb3 11. Qxb3 e6 12. Nge4 Qd3 13. f3 O-O-O 14. Nf2 Qd4 15.
O-O Bc5 16. Kh1 f5 17. d3 Nbd5 18. Bg5 Rd6 19. Na4 Rc6 20. Rac1 Na6 21. Rc4 Qe5 22. d4 Bxd4 23. Nd3 Qc7 24. Rxd4 h6 25. Bf4 Nxf4 26. Nxf4 e5 27. Nd5 Qa5 28. Rdd1 Re8 29. Ne7+ Kc7 30.
Nxc6 bxc6 31. Qf7+ 1-0

[Event "*** Titled Tuesday Blitz"]
[Site "Chess.com"]
[Date "2019.11.05"]
[Round "5"]
[White "DonBroca"]
[Black "isla88"]
[Result "0-1"]
[WhiteElo "2006"]
[BlackElo "2176"]
[TimeControl "180+2"]
[EndTime "14:07:27 PST"]
[Termination "isla88 won by resignation"]

1. e4 d6 2. d4 Nf6 3. Nc3 Nbd7 4. Nf3 e5 5. g4 Nxg4 6. Rg1 Ngf6 7. Bc4 c6 8. dxe5 Nxe5 9. Nxe5 dxe5 10. Bxf7+ Ke7 11. Qxd8+ Kxd8 12. f4 Bb4 13. fxe5 Nxe4 14. Bd2 Nxd2 15. Kxd2 Ke7 16. Rxg7 Kf8 17. Rag1 Bf5 18.
e6 Rd8+ 19. Kc1 Bc5 20. Rg8+ Ke7 21. Rxd8 Rxd8 22. Rd1 Be3+ 23. Kb1 Rxd1+ 24. Nxd1 Bd4 25. Bg8 h5 26. Kc1 Bxe6 27. Bxe6 Kxe6 28. c3 Bb6 29. h3 Kf5 30. Kd2 Kf4 31. Kd3 Kg3 32.
Ke4 Kxh3 33. Kf3 h4 34. c4 Bd4 35. Ke4 c5 36. b4 Kg2 37. bxc5 Bxc5 38. Kd5 b6 39. Nc3 h3 40. Ne2 0-1

[Event "*** Titled Tuesday Blitz"]
[Site "Chess.com"]
[Date "2019.11.05"]
[Round "5"]
[White "YQPerez"]
[Black "Alexander_Zubov"]
[Result "1-0"]
[WhiteElo "2889"]
[BlackElo "2949"]
[TimeControl "180+2"]
[EndTime "14:07:28 PST"]
[Termination "YQPerez won by checkmate"]

1. e4 Nc6 2. Nf3 d6 3. d4 Nf6 4.
Nc3 g6 5. Bb5 a6 6. Bxc6+ bxc6 7. O-O Bg7 8. h3 O-O 9. Re1 Rb8 10. e5 Nd5 11. Ne4 Nb6 12. Qe2 f6 13. c4 a5 14. b3 a4 15. Bb2 axb3 16. axb3 Kh8 17. Ng3 Bd7 18. e6 Bc8 19. h4 Qe8 20. h5 f5 21. Ng5 f4 22. Nf7+ Rxf7 23. exf7 Qxf7 24.
Qxe7 Kg8 25. Qd8+ Bf8 26. hxg6 hxg6 27. Ne4 Nd7 28. d5 cxd5 29. Ng5 Qf5 30. Ne6 Rxb3 31.
Qxc8 Rxb2 32. Qxd7 f3 33. Ra8 Rb1 34. Qg7# 1-0

[Event "*** Titled Tuesday Blitz"]
[Site "Chess.com"]
[Date "2019.11.05"]
[Round "5"]
[White "ural58"]
[Black "NTBT_DHS"]
[Result "0-1"]
[WhiteElo "2440"]
[BlackElo "2663"]
[TimeControl "180+2"]
[EndTime "14:07:33 PST"]
[Termination "NTBT_DHS won on time"]

1. Nc3 g6 2. d4 Bg7 3. h4 Nf6 4. h5 Nxh5 5. e4 d6 6. g4 Nf6 7.
g5 Nfd7 8. Qd3 c5 9. d5 a6 10.
a4 Qa5 11. Bd2 Ne5 12. Qg3 Qb4 13. f4 Nc4 14. Bxc4 Qxc4 15. Nge2 Qb4 16. Qd3 Bd7 17.
b3 Qa5 18. Ra2 Qc7 19. a5 h5 20. Qg3 Bg4 21. Nc1 Nd7 22. Nd3 c4 23. Nf2 cxb3 24.
cxb3 Rc8 25. Nxg4 Bxc3 26. Nf2 Bxd2+ 27. Rxd2 Qxa5 28. Qd3 Rc3 29. Qd4 O-O 30. b4 Rc1+ 31. Ke2 Qb5+ 32. Kf3 Rxh1 33. Nxh1 Qf1+ 34. Nf2 Rc8 35.
Qd3 Qxd3+ 36. Nxd3 Rc3 37. Ke2 Nb6 38. Rb2 Na4 39.
Rb1 Rc4 40. Ke3 Nc3 41. Rc1 b5 42. Nf2 Nxd5+ 0-1

[Event "*** Titled Tuesday Blitz"]
[Site "Chess.com"]
[Date "2019.11.05"]
[Round "5"]
[White "RoelandPruijssers"]
[Black "gena217"]
[Result "0-1"]
[WhiteElo "2644"]
[BlackElo "2928"]
[TimeControl "180+2"]
[EndTime "14:07:35 PST"]
[Termination "gena217 won by resignation"]

1. e4 c6 2. d4 d5 3. exd5 cxd5 4. Nf3 Nc6 5. Ne5 e6 6. c3 Bd6 7. Bf4 Qc7 8. Bb5 Ne7 9. Bg3 Nf5 10. Qe2 O-O 11.
Nxc6 bxc6 12. Bd3 Nxg3 13. hxg3 g6 14. Nd2 e5 15. dxe5 Bxe5 16. O-O Rb8 17. Nf3 Bf6 18.
Qd2 Kg7 19. Rab1 c5 20. Bc2 Bb7 21. Rfe1 Rfd8 22. g4 h6 23. Re2 d4 24. cxd4 Bxf3 25. gxf3 Bxd4 26. Kg2 Bxf2 27. Qc3+ Bd4 28. Qc4 Rb4 29.
Qa6 Bxb2 30. a3 Rb6 31. Qc4 Bf6 32. Rd1 Rxd1 33. Bxd1 Rd6 34. Bc2 Rd4 35. Qa6 Bh4 0-1

[Event "*** Titled Tuesday Blitz"]
[Site "Chess.com"]
[Date "2019.11.05"]
[Round "5"]
[White "Zaven_ChessMood"]
[Black "SiddharthGMJagadeesh"]
[Result "1-0"]
[WhiteElo "2854"]
[BlackElo "2587"]
[TimeControl "180+2"]
[EndTime "14:07:36 PST"]
[Termination "Zaven_ChessMood won by resignation"]

1. e4 c6 2. Nc3 d5 3. Nf3 Nf6 4. e5 Ne4 5. Ne2 Qb6 6. d4 e6 7.
Ng3 c5 8. Bd3 Nxg3 9. fxg3 cxd4 10. O-O Be7 11. Ng5 Bxg5 12. Bxg5 Nc6 13. Qh5 Qc7 14. Rae1 Nb4 15. Rf3 Nxd3 16. cxd3 h6 17. Bd2 Qe7 18. Ref1 Rf8 19. Qg4 f5 20. exf6 gxf6 21.
Qg6+ Qf7 22. Qxh6 f5 23. Bb4 Rg8 24. Rxf5 exf5 25. Re1+ Kd8 26. Qd6+ Bd7 27. Re7 Qe8 28. h4 Rc8 29. Rxe8+ Rxe8 30. h5 b6 31. h6 Rc6 32.
Qxd5 Rxh6 33. Qxd4 Rhe6 34. Bd2 Kc8 35. a4 Bc6 36.
Qc4 Kb7 37. a5 bxa5 38. d4 Re2 39. d5 Bd7 40. Bxa5 Rxb2 41. Qc7+ 1-0

[Event "*** Titled Tuesday Blitz"]
[Site "Chess.com"]
[Date "2019.11.05"]
[Round "5"]
[White "PawnEatingZombie"]
[Black "semchik73"]
[Result "0-1"]
[WhiteElo "2177"]
[BlackElo "2399"]
[TimeControl "180+2"]
[EndTime "14:07:36 PST"]
[Termination "semchik73 won by resignation"]

1. d4 d5 2. c4 c6 3. Nc3 Nf6 4. e3 g6 5. Nf3 Bg7 6. Bd3 O-O 7. O-O Bg4 8. h3 Bxf3 9. Qxf3 dxc4 10. Bxc4 Nbd7 11.
Rd1 e5 12. d5 cxd5 13. Nxd5 Nb6 14. Nxb6 Qxb6 15. e4 Rad8 16. Be3 Qxb2 17. Bg5 Rd4 18. Bb3 Nxe4 19. Be7 Nd2 20. Qxb7 Nxb3 21. axb3 Re8 22. Rdb1 Qe2 23. Rxa7 Rf4 24. f3 e4 25. Qd7 Rb8 26. Rb7 Rf8 27. Bxf8 Bxf8 28. fxe4 Qe3+ 29. Kh1 Qxe4 30.
Rd1 Rf2 31. Qg4 h5 32. Rb4 Qc2 33. Qc4 Qxd1+ 34. Kh2 Bd6+ 0-1

[Event "*** Titled Tuesday Blitz"]
[Site "Chess.com"]
[Date "2019.11.05"]
[Round "5"]
[White "SanchezKelvin"]
[Black "BlueWizzard"]
[Result "0-1"]
[WhiteElo "2494"]
[BlackElo "2832"]
[TimeControl "180+2"]
[EndTime "14:07:37 PST"]
[Termination "BlueWizzard won by resignation"]

1. d4 Nf6 2. c4 g6 3. Nc3 d6 4. e4 Nbd7 5. Nf3 e5 6. d5 Nc5 7.
Qc2 a5 8. h3 Bg7 9. Be3 O-O 10.
O-O-O a4 11. Nxe5 Nfxe4 12. Nxe4 Nxe4 13. Nf3 Nc5 14. Nd4 Re8 15. Bd3 a3 16. b3 f5 17. Nf3 Bb2+ 18. Kb1 Qf6 19. Be2 Ne4 20. Bd4 Nc3+ 21. Qxc3 Bxc3 22. Bxf6 Bxf6 23. Bd3 Bd7 24.
Rhe1 Bc3 25. Rxe8+ Rxe8 26. Kc2 Bb4 27. Bf1 Kf7 28. Rd3 f4 29. Nd4 Re1 30. Rd1 Rxd1 31. Kxd1 Bc5 32. Nc2 Bxf2 33. Bd3 f3 34. Bf1 fxg2 35.
Bxg2 Kf6 36. Ke2 Bc5 37. b4 Bf5 38. Nxa3 Bxb4 39. Nb5 Ba5 40. Nd4 Bb1 41. Nb3 Bb4 42. Nc1 Ba3 43. Nb3 Bxa2 44. Na5 b6 45. Nc6 Bxc4+ 0-1

[Event "*** Titled Tuesday Blitz"]
[Site "Chess.com"]
[Date "2019.11.05"]
[Round "5"]
[White "Msb2"]
[Black "vladimirdamjanovic"]
[Result "1-0"]
[WhiteElo "2846"]
[BlackElo "2608"]
[TimeControl "180+2"]
[EndTime "14:07:39 PST"]
[Termination "Msb2 won on time"]

1. d4 Nf6 2. c4 c5 3. d5 b5 4.
cxb5 a6 5. bxa6 d6 6. Nc3 g6 7. e4 Bg7 8. Nf3 Qa5 9. Bb5+ Bd7 10. Bxd7+ Nbxd7 11. O-O O-O 12. a4 Rfb8 13. Bd2 Qxa6 14. Nb5 Rb7 15. Qc2 Ne8 16. Bc3 Bxc3 17. Qxc3 Ndf6 18.
Nd2 Nc7 19. Nxc7 Rxc7 20. b4 c4 21. Rfc1 Qb6 22. h3 Rb8 23. b5 Rc5 24. Rcb1 Qc7 25. Rb4 e6 26. Qxf6 exd5 27. exd5 c3 28. Nb3 Rxd5 29.
Rd4 Rf5 30. Qxd6 Qb7 31. Rc1 Re8 32. Qd7 Qb8 33. Rdd1 Re2 34. Qd8+ Qxd8 35. Rxd8+ Kg7 36. Nd4 1-0

[Event "*** Titled Tuesday Blitz"]
[Site "Chess.com"]
[Date "2019.11.05"]
[Round "5"]
[White "oogee"]
[Black "Borsuk_Konstantin"]
[Result "1-0"]
[WhiteElo "2280"]
[BlackElo "2497"]
[TimeControl "180+2"]
[EndTime "14:07:39 PST"]
[Termination "oogee won by resignation"]

1. d4 Nf6 2. c4 e6 3. g3 Bb4+ 4. Bd2 a5 5. Nf3 b6 6. Bg2 Bb7 7. O-O O-O 8. Bg5 h6 9. Bxf6 Qxf6 10. a3 Be7 11. Nc3 g5 12. e4 Qg7 13. d5 e5 14. Qc2 Na6 15. Nd1 Bc5 16. Ne3 Bxe3 17. fxe3 d6 18. Bh3 g4 19. Nh4 gxh3 20. Nf5 Qg5 21. Rf4 exf4 22. exf4 Qf6 23. e5 dxe5 24. fxe5 Qg5 25. d6 Rae8 26. Rf1 Rxe5 27. Rf4 cxd6 28. Rg4 Qxg4 29. Nxh6+ Kg7 30. Nxg4 Rg5 31. Qc3+ f6 32. Nf2 Nc5 33. Nxh3 Re5 34. Qd4 Rfe8 35. Qg4+ Kf7 36. Nf4 Ne4 37. Qg6+ Ke7 38. Qg7+ Kd8 39. Qxb7 Ng5 40. Qxb6+ Ke7 41. Qc7+ Kf8 42. Ng6+ 1-0